Match 41458202
Unlisted

Match 41458202
End
Panzergrenadier Squad
250 Light Carrier
250 Light Carrier
Construct Light Support Kompanie
Combat Half-tracks
Panzerjäger Squad
MG34 Team
Fire Support Elements
Panzergrenadier Squad
Selects Panzerjäger Kommand Battlegroup
Selects Tank Busters
Selects Mine Fields
le.IG 18 Mechanized Group
Pak 38 Anti-tank Gun Team
Vehicle Survival Package
Flakvierling Half-track
Selects Defensive Positions
Construct Panzerarmee Kommand
le.IG 18 Mechanized Group
2.5-tonne Medical Truck
Veteran Squad Leaders
Panzer III L Medium Tank
Rudie8777
spiderdoguk
gskogowk
_dbl.tap_
jackal2150
Dalej
0
0

Comments sign in to comment!

No comments posted yet!